 Dungeon Crawl Stone Soup version 0.31-a0-854-g362426d53f (webtiles) character file.

Game seed: 10819120938834478707

108285 DocEon the Archmage (level 16, -2/77 HPs)
             Began as a Deep Elf Conjurer on Oct 8, 2023.
             Was a High Priest of Vehumet.
             Slain by a demonic crawler (7 damage)
             ... on level 1 of the Spider Nest on Oct 9, 2023.
             The game lasted 00:43:42 (25871 turns).

DocEon the Archmage (Deep Elf Conjurer)            Turns: 25871, Time: 00:43:43

Health: -2/77      AC: 14    Str:  3 (4)  XL:     16   Next: 2%
Magic:  39/58      EV: 11    Int: 30 (32) God:    Vehumet [*****.]
Gold:   838        SH:  4    Dex: 12 (13) Spells: 26/69 levels left

rFire   . . .        O - staff "Bidghi Runu" {rN+ Conj}
rCold   + . .        Z - +0 buckler
rNeg    + . .        R - +3 leather armour {Will+}
rPois   .            n - +1 helmet
rElec   .            M - +2 cloak
rCorr   .            q - +1 pair of gloves
SInv    .            i - +0 pair of boots
Will    ++...        f - amulet of magic regeneration
Stlth   ++           e - ring of magical power
HPRegen 0.32/turn    G - ring of protection from cold
MPRegen 0.76/turn

%: no passive effects
@: no status effects
A: no striking features
a: Renounce Religion


You were on level 1 of the Spider Nest.
You worshipped Vehumet.
Vehumet was extremely pleased with you.
You visited 5 branches of the dungeon, and saw 24 of its levels.

You collected 2678 gold pieces.
You spent 1840 gold pieces at shops.

Inventory:

Armour
 i - a +0 pair of boots (worn)
 n - a +1 helmet (worn)
 q - a +1 pair of gloves (worn)
 B - a +0 kite shield
 M - a +2 cloak (worn)
 R - a +3 leather armour of willpower (worn)
 Z - a +0 buckler (worn)
Magical Staves
 O - the staff "Bidghi Runu" (weapon) {rN+ Conj}
   (You found it on level 9 of the Dungeon)

   [staff of conjuration]

   Base accuracy: +5 Base damage: 5 Base attack delay: 1.2 This weapon's minimum
   attack delay (0.6) is reached at skill level 12.
   rN+:       It protects you from negative energy.
   Conj:      It increases the power of your Conjurations spells.
   It falls into the 'Staves' category.
   It is a one-handed weapon.
Jewellery
 a - a ring of protection from fire
 e - a ring of magical power (left hand)
 f - an amulet of magic regeneration (around neck)
 w - a +6 ring of dexterity
 A - a ring of wizardry
 G - a ring of protection from cold (right hand)
 W - an amulet of reflection
 Y - a ring of flight
Wands
 m - a wand of flame (48)
 r - a wand of paralysis (25)
 C - a wand of digging (4)
 K - a wand of quicksilver (13)
 X - a wand of iceblast (27)
Scrolls
 c - 5 scrolls of torment
 x - 4 scrolls of amnesia
 y - 5 scrolls of fog
 E - 4 scrolls of fear
 I - 8 scrolls of teleportation
 J - 3 scrolls of poison
 P - a scroll of blinking
 T - 2 scrolls of enchant armour
 U - 2 scrolls of enchant weapon
 V - a scroll of summoning
Potions
 b - a potion of magic
 d - 12 potions of curing
 g - 4 potions of heal wounds
 k - 5 potions of haste
 l - 5 potions of attraction
 o - 2 potions of mutation
 p - a potion of brilliance {unknown}
 s - 2 potions of berserk rage
 t - 2 potions of cancellation
 u - 4 potions of enlightenment
 z - 2 potions of ambrosia
 D - a potion of resistance {unknown}
 F - a potion of might
 H - 3 potions of invisibility


   Skills:
 + Level 0.9 Fighting
 + Level 5.3 Dodging
 - Level 2.4 Stealth
 * Level 1.4 Shields
 O Level 27 Spellcasting
 + Level 17.7 Conjurations
 - Level 5.0 Hexes
 - Level 5.0 Translocations
 + Level 8.8 Ice Magic


You had 26 spell levels left.
You knew the following spells:

 Your Spells              Type           Power      Damage    Failure   Level
a - Magic Dart            Conj           100%       1d8       0%          1
b - Searing Ray           Conj           100%       2d8       0%          2
c - Fulminant Prism       Conj/Hex       52%        3d23      1%          4
d - Iskenderun's Mystic   Conj/Tloc      100%       2d19      1%          4
e - Blink                 Tloc           100%       N/A       1%          2
f - Stone Arrow           Conj/Erth      100%       3d13      1%          3
g - Orb of Destruction    Conj           60%        9d15      1%          7
h - Freezing Cloud        Conj/Ice/Air   48%        6-21      1%          5
i - Ozocubu's Refrigerat  Ice            38%        4d15      16%         7
j - Mephitic Cloud        Conj/Pois/Air  85%        N/A       1%          3
z - Iskenderun's Battles  Conj           100%       2d15      1%          5

Your spell library contained the following spells:

 Spells                   Type           Power      Damage    Failure   Level
 Starburst                Conj/Fire      48%        6d13      3%          6
 Apportation              Tloc           100%       N/A       1%          1
 Jinxbite                 Hex            100%       N/A       1%          2
 Lesser Beckoning         Tloc           100%       N/A       1%          2
 Momentum Strike          Conj/Tloc      100%       3d10      1%          2
 Poisonous Vapours        Pois/Air       80%        N/A       1%          2
 Confusing Touch          Hex            63%        N/A       1%          3
 Dazzling Flash           Conj/Hex       100%       N/A       1%          3
 Tukima's Dance           Hex            63%        N/A       1%          3
 Arcjolt                  Conj/Air       48%        1d58      1%          5
 Summon Small Mammal      Summ           100%       N/A       2%          1
 Summon Guardian Golem    Hex/Summ       53%        N/A       2%          3
 Cigotuvi's Dreadful Rot  Necr/Pois/Air  80%        N/A       3%          2
 Manifold Assault         Tloc           63%        N/A       3%          4
 Bombard                  Conj/Erth      48%        9d8       3%          6
 Summon Ice Beast         Ice/Summ       61%        N/A       4%          4
 Metabolic Englaciation   Hex/Ice        35%        N/A       4%          5
 Call Canine Familiar     Summ           40%        N/A       8%          3
 Vhi's Electric Charge    Tloc/Air       100%       N/A       9%          4
 Spellforged Servitor     Conj/Summ      48%        N/A       16%         7
 Dispel Undead            Necr           40%        3d16      26%         4
 Summon Mana Viper        Hex/Summ       53%        N/A       26%         5
 Dispersal                Tloc           31%        N/A       45%         6
 Alistair's Intoxication  Tmut/Pois      26%        N/A       56%         5
 Plasma Beam              Fire/Air       20%        2x1d32    65%         6
 Death Channel            Necr           20%        N/A       98%         6
 Haunt                    Necr/Summ      20%        N/A       100%        7
 Monstrous Menagerie      Summ           20%        N/A       100%        7
 Borgnjor's Revivificati  Necr           20%        N/A       100%        8
 Discord                  Hex            31%        N/A       100%        8
 Disjunction              Tloc           31%        N/A       100%        8
 Chain Lightning          Conj/Air       48%        3d64      100%        9
 Death's Door             Necr           20%        N/A       100%        9


Dungeon Overview and Level Annotations

Branches:
Dungeon (15/15)            Temple (1/1) D:5            Lair (5/5) D:10
  Swamp (0/4) Lair:2       Spider (1/4) Lair:3        Slime (0/5) Lair:5
    Orc (2/2) D:11            Elf (0/3) Orc:2        Vaults (0/5) D:13
 Depths (0/4) D:15

Altars:
Ashenzari
Cheibriados
Dithmenos
Elyvilon
Fedhas
Gozag
Hepliaklqana
Kikubaaqudgha
Makhleb
Nemelex Xobeh
Okawaru
Qazlal
Ru
Sif Muna
Trog
Uskayaw
Vehumet
Wu Jian
Xom
Yredelemnul
Zin
The Shining One
Jiyva

Shops:
D:1 *   D:3 [   D:14 (   Orc:1 =   Orc:2 :*([

Portals:
Hell: Lair:5

Annotations:
Lair:2 3 runed translucent doors, kd29's ghost, journeyman DsSh


Message History

There is a hole to the Spider Nest here.
Casting: Iskenderun's Mystic Blast (safe; 1% risk of failure)
Confirm with . or Enter, or press ? or * to list all spells.
You feel a surge of power!
You erupt in a blast of force!
You start resting.
HP restored.
You start resting.
Magic restored.
You climb downwards.
Welcome back to the Spider Nest!
This branch contains the gossamer rune of Zot.
A redback comes into view.
The demonic crawler hits you.
The demonic crawler hits you but does no damage.
The demonic crawler hits you.
The demonic crawler hits you but does no damage.
The demonic crawler hits you. You block the demonic crawler's attack.
You feel you are being watched by something.
You feel your power leaking away. Something hits you!
Deactivating autopickup; reactivate with Ctrl-A.
Something hits you!
You feel weakened.
Something stings you but does no damage.
The demonic crawler hits you but does no damage. x2
The demonic crawler hits you. x2; The demonic crawler hits you!
* * * LOW HITPOINT WARNING * * *
The demonic crawler hits you but does no damage.
You feel you are being watched by something.
You feel your power leaking away. Something hits you but does no damage.
Something hits you!
* * * LOW HITPOINT WARNING * * *
You feel clumsy.
Something stings you but does no damage.
The redback moves out of view.
There is a crawl-hole back to the Lair, spattered with blood here.
The demonic crawler hits you but does no damage.
The demonic crawler hits you!
* * * LOW HITPOINT WARNING * * *
The demonic crawler closely misses you. The demonic crawler hits you!
You die...

##.........s...#
......(........# ####
.........####..###^.###
........## ##........##
.#..s..##
##........###. #######
#.............
#........###..
#........# . #..@..s..#
##s.s....# ###....##
###..# ##.# ..# #.# .#


You could see 2 demonic crawlers and a culicivora (wandering).

Vanquished Creatures
  Jorgrun (D:15)
  Frances (D:12)
  An orc warlord (Orc:1)
  Louise (D:15)
  2 ettins
  2 fire dragons
  The ghost of beavisfan the Grappler, a journeyman DrSh of Ru (D:9)
  5 hydras
  An ice dragon (D:15)
  2 vault guards (D:13)
  Erica (D:10)
  An ogre mage (D:15)
  2 catoblepae
  3 centaur warriors
  A radroach (Spider:1)
  The ghost of Bosh the Cleaver, a novice HOFi of Beogh (D:9)
  6 two-headed ogres
  2 boulder beetles (Lair:5)
  3 tengu warriors
  8 death yaks (D:10)
  The ghost of lunkers the Martial Artist, a novice MeSh of Okawaru (D:9)
  The ghost of croobank the Covert, a novice OpDe of Ashenzari (D:9)
  A sun demon (Lair:5)
  3 orc high priests (Orc:2)
  Nergalle (Lair:1)
  Amaemon (Lair:2)
  A skyshark (Lair:5)
  A pharaoh ant (Spider:1)
  2 bog bodies (Lair:2)
  A lindwurm (Lair:2)
  A necromancer (D:13)
  3 wizards
  Pikel (D:4)
  A deep elf pyromancer (D:13)
  4 orc knights (Orc:2)
  12 ugly things
  5 orc sorcerers
  A wolf spider (Spider:1)
  Maurice (D:8)
  11 cyclopes
  Joseph (D:10)
  13 cane toads
  19 elephants
  8 black mambas
  Maggie (Lair:1)
  An unseen horror (D:11)
  2 torpor snails
  A gargoyle (D:13)
  6 kobold demonologists (D:13)
  An efreet (D:15)
  Jeremiah (D:6)
  3 orange demons
  7 rime drakes
  2 freezing wraiths
  2 ice devils (Lair:5)
  3 tengu conjurers
  8 komodo dragons
  A yaktaur (D:15)
  A red devil (Lair:5)
  6 meliai
  Prince Ribbit (D:5)
  7 trolls
  A polar bear (shapeshifter) (D:14)
  A hellwing (Lair:5)
  2 polar bears (Lair:5)
  Grinder (D:5)
  4 hornets
  11 blink frogs
  2 dream sheep (Lair:4)
  Sigmund (D:4)
  13 slime creatures (D:12)
  2 jumping spiders (Lair:3)
  2 culicivoras (Lair:3)
  3 water elementals (D:13)
  5 basilisks
  2 wraiths (D:11)
  3 wyverns
  43 yaks
  19 humans (D:13)
  2 redbacks
  A steam dragon (D:8)
  A warg (Orc:2)
  Menkaure (D:4)
  An acid dragon (D:14)
  Edmund (D:6)
  17 water moccasins
  4 hell hounds (Lair:5)
  23 orc warriors
  A meliai simulacrum (D:14)
  A sky beast (D:7)
  5 black bears
  An ice beast (D:8)
  12 centaurs
  5 ogres
  11 wolves
  A phantom (D:3)
  3 lemures (D:4)
  3 kobold brigands
  Blork the orc (D:6)
  18 bullfrogs
  A gnoll sergeant (D:8)
  3 wights (D:7)
  24 killer bees
  7 howler monkeys
  5 electric eels
  5 hounds
  3 jellies
  A gnoll bouda (D:7)
  12 orc priests
  2 sleepcaps (D:6)
  A hell rat (Lair:5)
  5 iguanas (D:5)
  19 orc wizards
  Robin (D:4)
  14 gnolls
  9 adders
  A shadow imp (D:6)
  An ufetubus (D:4)
  5 dart slugs
  64 orcs
  6 bats
  3 endoplasms
  2 giant cockroaches
  17 goblins
  7 hobgoblins
  4 jackals (D:1)
  A quokka (D:3)
  3 ball pythons
  6 frilled lizards
  11 kobolds
  6 rats
670 creatures vanquished.

Vanquished Creatures (others)
  70 fulminant prisms
70 creatures vanquished.

Grand Total: 740 creatures vanquished

Notes
Turn   | Place    | Note
-------+----------+-------------------------------------------
     0 | D:1      | DocEon the Deep Elf Conjurer began the quest for the Orb.
     0 | D:1      | Reached XP level 1. HP: 10/10 MP: 6/6
   374 | D:1      | Reached XP level 2. HP: 15/15 MP: 6/8
   460 | D:1      | Found a faded altar of an unknown god.
   466 | D:1      | Learned a level 2 spell: Searing Ray
   645 | D:1      | Found Rummedaf's Assorted Antiques.
   661 | D:1      | Bought a red potion for 15 gold pieces
   661 | D:1      | Bought 2 scrolls labelled DICHUELUSS for 34 gold pieces
   782 | D:1      | Reached skill level 4 in Spellcasting
  1427 | D:1      | Reached XP level 3. HP: 19/19 MP: 8/10
  1819 | D:2      | Reached skill level 5 in Spellcasting
  1819 | D:2      | Reached skill level 5 in Conjurations
  1971 | D:2      | Reached XP level 4. HP: 24/24 MP: 5/13
  2100 | D:2      | Learned a level 4 spell: Fulminant Prism
  2105 | D:2      | Learned a level 4 spell: Iskenderun's Mystic Blast
  2108 | D:2      | Learned a level 2 spell: Blink
  2224 | D:2      | Got a peculiar book
  2512 | D:3      | Reached skill level 1 in Hexes
  2515 | D:3      | Reached skill level 1 in Translocations
  2515 | D:3      | Reached XP level 5. HP: 11/28 MP: 1/15
  2656 | D:3      | Found an ornate altar of the Wu Jian Council.
  2685 | D:3      | Found Sojetox's Armour Shoppe.
  2901 | D:3      | Reached skill level 6 in Spellcasting
  2991 | D:3      | Found a shimmering altar of Xom.
  3122 | D:3      | Noticed a phantom
  3129 | D:3      | Killed a phantom
  3130 | D:3      | Reached XP level 6. HP: 32/32 MP: 7/17
  3543 | D:3      | Found a glowing silver altar of Zin.
  3936 | D:4      | Found an iron altar of Okawaru.
  3938 | D:4      | Noticed Sigmund
  3982 | D:4      | Noticed Menkaure
  3988 | D:4      | Killed Menkaure
  4063 | D:4      | Killed Sigmund
  4064 | D:4      | Reached skill level 7 in Spellcasting
  4064 | D:4      | Reached XP level 7. HP: 36/36 MP: 13/20
  4248 | D:4      | Noticed Pikel
  4255 | D:4      | Paralysed by Pikel for 2 turns
  4259 | D:4      | Killed Pikel
  4260 | D:4      | Reached skill level 8 in Spellcasting
  4260 | D:4      | Reached XP level 8. HP: 41/41 MP: 11/22
  4285 | D:4      | Noticed Robin
  4290 | D:4      | Killed Robin
  4291 | D:4      | Reached skill level 9 in Spellcasting
  4445 | D:4      | Reached skill level 5 in Hexes
  4740 | D:4      | Found a white marble altar of Elyvilon.
  5091 | D:5      | Entered Level 5 of the Dungeon
  5168 | D:5      | Found a staircase to the Ecumenical Temple.
  5200 | Temple   | Entered the Ecumenical Temple
  5292 | D:5      | Noticed Grinder
  5308 | D:5      | Paralysed by Grinder for 3 turns
  5311 | D:5      | Killed Grinder
  5312 | D:5      | Reached skill level 10 in Spellcasting
  5339 | D:5      | Reached skill level 5 in Translocations
  5639 | D:5      | Noticed Prince Ribbit
  5642 | D:5      | Killed Prince Ribbit
  5862 | D:5      | Reached skill level 11 in Spellcasting
  5862 | D:5      | Reached XP level 9. HP: 39/45 MP: 19/26
  6719 | D:6      | Found a radiant altar of Vehumet.
  6828 | D:6      | Became a worshipper of Vehumet
  6852 | D:6      | Noticed Blork the orc
  6856 | D:6      | Killed Blork the orc
  6915 | D:6      | Noticed Jeremiah
  6945 | D:6      | Killed Jeremiah
  6946 | D:6      | Reached skill level 12 in Spellcasting
  6947 | D:6      | Noticed Edmund
  6965 | D:6      | Killed Edmund
  7198 | D:7      | Reached skill level 13 in Spellcasting
  7201 | D:7      | Paralysed by an orc for 5 turns
  8222 | D:7      | Found an ancient bone altar of Kikubaaqudgha.
  8227 | D:7      | Found a sacrificial altar of Ru.
  8366 | D:8      | Reached XP level 10. HP: 50/50 MP: 21/29
  8370 | D:8      | Reached skill level 14 in Spellcasting
  8470 | D:8      | Reached * piety under Vehumet
  8470 | D:8      | Offered knowledge of Foxfire by Vehumet.
  8477 | D:8      | Reached skill level 10 in Conjurations
  8653 | D:8      | Found a burning altar of Makhleb.
  8664 | D:8      | Reached skill level 15 in Spellcasting
  8801 | D:8      | Noticed Maurice
  8817 | D:8      | Paralysed by Maurice for 4 turns
  8818 | D:8      | Maurice stole a ring of protection from fire
  8819 | D:8      | Maurice stole a +0 kite shield
  8821 | D:8      | Killed Maurice
  9643 | D:9      | Noticed beavisfan's ghost (journeyman DrSh)
  9644 | D:9      | Found a runed translucent gate.
  9645 | D:9      | Found a runed translucent gate.
  9646 | D:9      | Found a runed translucent gate.
  9648 | D:9      | Noticed lunkers's ghost (novice MeSh)
  9648 | D:9      | Noticed croobank's ghost (novice OpDe)
  9650 | D:9      | Noticed Bosh's ghost (novice HOFi)
  9708 | D:9      | Reached skill level 16 in Spellcasting
  9894 | D:9      | Offered knowledge of Freeze by Vehumet.
  9898 | D:9      | Reached ** piety under Vehumet
  9901 | D:9      | Noticed a +0 falchion
  9901 | D:9      | Noticed a +0 falchion
  9905 | D:9      | Reached XP level 11. HP: 53/54 MP: 13/33
  9905 | D:9      | Noticed a +0 short sword
  9908 | D:9      | Noticed a +0 short sword
  9909 | D:9      | Noticed a +0 spear
  9915 | D:9      | Noticed a +0 dagger
  9943 | D:9      | Noticed a +0 dagger
  9947 | D:9      | Noticed a +0 spear
 10043 | D:9      | Found a hide-covered altar of Uskayaw.
 10195 | D:9      | Found a hazy altar of Hepliaklqana.
 10589 | D:9      | Killed lunkers's ghost
 10590 | D:9      | Reached skill level 17 in Spellcasting
 10592 | D:9      | Killed croobank's ghost
 10641 | D:9      | Identified the +4 glaive "Imomawef" {vamp, rElec rCorr
                  | Dex+3}
 10650 | D:9      | Identified the staff "Bidghi Runu" {rN+ Conj}
 10701 | D:9      | Killed Bosh's ghost
 10742 | D:9      | Killed beavisfan's ghost
 10839 | D:10     | Entered Level 10 of the Dungeon
 10840 | D:10     | Noticed a death yak
 10842 | D:10     | Noticed a death yak
 10848 | D:10     | Noticed a death yak
 10849 | D:10     | Noticed a death yak
 10850 | D:10     | Noticed a death yak
 10852 | D:10     | Killed a death yak
 10852 | D:10     | Killed a death yak
 10852 | D:10     | Noticed a death yak
 10853 | D:10     | Reached skill level 18 in Spellcasting
 11034 | D:10     | Noticed Erica
 11044 | D:10     | Killed Erica
 11179 | D:10     | Noticed Joseph
 11191 | D:10     | Killed Joseph
 11393 | D:10     | Reached skill level 19 in Spellcasting
 11411 | D:10     | Killed a death yak
 11426 | D:10     | Killed a death yak
 11427 | D:10     | Reached XP level 12. HP: 59/59 MP: 29/37
 11445 | D:10     | Noticed a death yak
 11456 | D:10     | Killed a death yak
 11456 | D:10     | Killed a death yak
 11457 | D:10     | Noticed a death yak
 11470 | D:10     | Killed a death yak
 11494 | D:10     | Killed a death yak
 11577 | D:10     | Noticed a two-headed ogre
 11588 | D:10     | Killed a two-headed ogre
 11589 | D:10     | Reached skill level 20 in Spellcasting
 11621 | D:10     | Found a staircase to the Lair.
 11688 | D:10     | Found a sparkling altar of Nemelex Xobeh.
 12008 | Lair:1   | Entered Level 1 of the Lair of Beasts
 12217 | Lair:1   | Noticed Maggie
 12229 | Lair:1   | Killed Maggie
 12237 | Lair:1   | Noticed Nergalle
 12248 | Lair:1   | Killed Nergalle
 12304 | Lair:1   | Offered knowledge of Stone Arrow by Vehumet.
 12326 | Lair:1   | Learned a level 3 spell: Stone Arrow
 12549 | Lair:1   | Reached *** piety under Vehumet
 12728 | Lair:1   | Reached skill level 21 in Spellcasting
 13229 | Lair:2   | Noticed Amaemon
 13236 | Lair:2   | Offered knowledge of Ignite Poison by Vehumet.
 13247 | Lair:2   | Reached XP level 13. HP: 56/63 MP: 15/40
 13248 | Lair:2   | Killed Amaemon
 13478 | Lair:2   | Found a staircase to the Swamp.
 13486 | Lair:2   | Learned a level 3 spell: Mephitic Cloud
 13492 | Lair:2   | Learned a level 5 spell: Freezing Cloud
 13595 | Lair:2   | Found a runed translucent gate.
 13595 | Lair:2   | Found a runed translucent gate.
 13595 | Lair:2   | Found a runed translucent gate.
 13598 | Lair:2   | Noticed kd29's ghost (journeyman DsSh)
 13801 | Lair:3   | Reached skill level 22 in Spellcasting
 13921 | Lair:3   | Reached **** piety under Vehumet
 14278 | Lair:3   | Found a hole to the Spider Nest.
 14281 | Lair:3   | Offered knowledge of Volatile Blastmotes by Vehumet.
 15793 | Lair:4   | Reached skill level 15 in Conjurations
 16003 | Lair:5   | Entered Level 5 of the Lair of Beasts
 16012 | Lair:5   | Reached skill level 23 in Spellcasting
 16106 | Lair:5   | Reached skill level 5 in Dodging
 16494 | Lair:5   | Reached ***** piety under Vehumet
 16704 | Lair:5   | Reached XP level 14. HP: 68/68 MP: 20/43
 16760 | Lair:5   | Found a viscous altar of Jiyva.
 16761 | Lair:5   | Found a staircase to the Slime Pits.
 16780 | Lair:5   | Offered knowledge of Ozocubu's Refrigeration by Vehumet.
 16789 | Lair:5   | Learned a level 7 spell: Ozocubu's Refrigeration
 16846 | Lair:5   | Reached skill level 24 in Spellcasting
 16852 | Lair:5   | Reached skill level 1 in Ice Magic
 17861 | Lair:5   | Found a burning altar of Makhleb.
 17867 | Lair:5   | Found a gateway to Hell.
 18272 | D:11     | Found a stormy altar of Qazlal.
 18994 | D:11     | Found a staircase to the Orcish Mines.
 19055 | Orc:1    | Entered Level 1 of the Orcish Mines
 19055 | Orc:1    | Found Aris's Jewellery Shop.
 19095 | Orc:1    | Noticed an orc warlord
 19095 | Orc:1    | Offered knowledge of Orb of Destruction by Vehumet.
 19130 | Orc:1    | Killed an orc warlord
 19208 | Orc:1    | Bought a ring of magical power for 260 gold pieces
 19311 | Orc:1    | Learned a level 7 spell: Orb of Destruction
 19328 | Orc:2    | Entered Level 2 of the Orcish Mines
 19470 | Orc:2    | Found a staircase to the Elven Halls.
 19571 | Orc:2    | Reached skill level 25 in Spellcasting
 19743 | Orc:2    | Reached skill level 5 in Ice Magic
 20632 | Orc:2    | Found Puizun's Armour Boutique.
 20632 | Orc:2    | Found Jiesuceng's Book Boutique.
 20633 | Orc:2    | Found Heluitt's Weapon Shoppe.
 20633 | Orc:2    | Found Owioneyk's General Store.
 20640 | Orc:2    | Bought a +1 pair of gloves for 172 gold pieces
 20656 | Orc:2    | Bought a scroll of blinking for 127 gold pieces
 20702 | Orc:2    | Bought a book of Power for 588 gold pieces
 20702 | Orc:2    | Bought the Verses on the Excruciating Wyrd for 644 gold
                  | pieces
 20708 | Orc:2    | Learned a level 5 spell: Iskenderun's Battlesphere
 20866 | D:12     | Noticed Frances
 20873 | D:12     | Killed Frances
 20907 | D:12     | Reached XP level 15. HP: 72/72 MP: 12/46
 21130 | D:12     | Offered knowledge of Yara's Violent Unravelling by Vehumet.
 21545 | D:12     | Found a shimmering blue altar of Sif Muna.
 21799 | D:13     | Found a gate to the Vaults.
 21803 | D:13     | Reached skill level 26 in Spellcasting
 21870 | D:13     | Identified the +0 plate armour "Esuuthus" {Fly Dex+2}
 23565 | D:14     | Found Solasiago's Antique Weapon Shoppe.
 24538 | D:15     | Entered Level 15 of the Dungeon
 24632 | D:15     | Found a shadowy altar of Dithmenos.
 24718 | D:15     | Found a staircase to the Depths.
 24760 | D:15     | Noticed Jorgrun
 24766 | D:15     | Killed Jorgrun
 24806 | D:15     | Offered knowledge of Starburst by Vehumet.
 24814 | D:15     | Reached skill level 27 in Spellcasting
 25020 | D:15     | Noticed Louise
 25024 | D:15     | Killed Louise
 25025 | D:15     | Reached skill level 1 in Shields
 25504 | Spider:1 | Entered Level 1 of the Spider Nest
 25510 | Spider:1 | Reached XP level 16. HP: 77/77 MP: 46/49
 25871 | Spider:1 | Slain by a demonic crawler

Illustrated notes

Levels and vault maps discovered:
D:1:      ncdulo_wetmaze, layout_loops_corners, serial_shops,
          nicolae_shop_rolling_square, hellmonk_ecumenical_altar_crossroads,
          serial_aquarium, aquarium_bridge_square [aquarium_subvault_wall,
          aquarium_subvault_bridge, aquarium_subvault_bridge,
          aquarium_subvault_wall], aquarium_bridge_square
          [aquarium_subvault_balcony, aquarium_subvault_bridge,
          aquarium_subvault_bridge, aquarium_subvault_bridge],
          aquarium_window_1, aquarium_window_2, aquarium_window_corridor_3,
          aquarium_window_corner, aquarium_view_2c, aquarium_view_2b,
          aquarium_balcony_3b, minmay_misc_feat_enclosed
D:2:      minmay_evil_eye, layout_basic
D:3:      layout_basic, mainiacjoe_overflow_boulevard, xom_butterflies,
          zin_academy, serial_shops, shop, nicolae_half_adder
D:4:      layout_rooms, overflow_temple_1_default, nicolae_elyvilon_temple_path,
          minmay_misc_feat_four_crosses, uniq_sigmund, uniq_robin,
          uniq_menkaure, uniq_pikel
D:5:      layout_basic, temple_green, roderic_serpentine_path,
          uniq_prince_ribbit1, uniq_grinder
D:6:      layout_basic, kennysheep_mini, uniq_edmund, uniq_blork_the_orc,
          uniq_jeremiah
D:7:      black_bear_nest_1, layout_basic, minitemple
D:8:      layout_basic, mainiacjoe_overflow_concentric_impassable, uniq_maurice
D:9:      layout_roguey, mainiacjoe_overflow_cross_hatched,
          nicolae_uskayaw_en_pointe, gammafunk_ghost_cemetery, kennysheep_nub,
          grunt_decor_cap
D:10:     layout_roguey, lemuel_doored_altar, dpeg_lair_monsters, serial_rivers,
          chequers_serial_rivers_micro_b, chequers_serial_rivers_micro_e,
          chequers_serial_rivers_marsh, chequers_serial_rivers_small_3,
          chequers_serial_rivers_room_b, chequers_serial_rivers_micro_c,
          uniq_joseph, uniq_erica
D:11:     layout_rooms, hiddenorc1_lemuel, grunt_qazlal_clouds
D:12:     layout_basic, nicolae_sif_muna_condensation, uniq_frances
D:13:     kennysheep_big_flooded_room, layout_loops_corners,
          grunt_vaults_entry_tiered
D:14:     layout_roguey, hangedman_decor_peaks_small, serial_shops,
          nicolae_shop_tiny_glass, chequers_serial_rivers_room_b,
          fungi_pond_lemuel, corexii_mini_fake_secret_closet,
          kennysheep_generic_room_5
D:15:     grunt_enter_depths_hoard, layout_small_grid,
          dreamdust_princess_corridor, nicolae_dithmenos_through_a_glass_darkly,
          uniq_jorgrun, uniq_louise
Temple:   hellmonk_temple_beads
Lair:1:   layout_loops_ring, uniq_nergalle, uniq_maggie
Lair:2:   layout_cave_shapes, skrybe_swamp_entry_bodies,
          gammafunk_ghost_hydra_chop, nicolae_quartered_pool_super, uniq_amaemon
Lair:3:   layout_chaotic_city, nicolae_spider_entry_tight_spaces,
          hibernation_bobbens
Lair:4:   cheibrodos_lair_river_kwai, layout_loops_ring, beast_lair_carwin_9
Lair:5:   evil_forest, layout_regular_city, dpeg_slime_entry_enclosed,
          grunt_megastairs_3, serial_bayou_shore_a
Spider:1: layout_cave_pods, nicolae_spider_orb_run
Orc:1:    layout_caves, serial_shops, shop
Orc:2:    st_orc_elflike, layout_diamond_mine

Skill      XL: |  1  2  3  4  5  6  7  8  9 10 11 12 13 14 15 |
---------------+----------------------------------------------+-----
Spellcasting   | 4 5 6 7 8 11 13 16 19 21 23 25 27 | 27.0
Conjurations   | 5 6 7 9 11 12 14 15 16 17 | 17.7
Hexes          | 1 2 3 4 5 |  5.0
Translocations | 1 2 4 5 |  5.0
Dodging        | 5 |  5.3
Ice Magic      | 5 8 |  8.8
Shields        | 1 |  1.4
Fighting       | |  0.9
Stealth        | |  2.4

Action                     |  1- 3 |  4- 6 |  7- 9 | 10-12 | 13-15 | 16-18 || total
---------------------------+-------+-------+-------+-------+-------+-------++-------
  Melee: Unarmed           |     4 |     3 |       |       |       |       ||     7
         Whip              |       |       |       |     4 |       |       ||     4
         Staff             |       |       |       |     1 |     6 |       ||     7
   Cast: Magic Dart        |    72 |    60 |   170 |   127 |   108 |       ||   537
         Searing Ray       |       |     6 |    31 |    20 |     4 |       ||    61
         Fulminant Prism   |       |     2 |    15 |    53 |       |       ||    70
         Iskenderun's Myst |       |     2 |    16 |   133 |   231 |    10 ||   392
         Freezing Cloud    |       |       |       |       |   204 |       ||   204
         Blink             |       |       |       |       |     2 |       ||     2
         Orb of Destructio |       |       |       |       |    85 |     3 ||    88
         Mephitic Cloud    |       |       |       |       |     3 |       ||     3
         Stone Arrow       |       |       |       |       |     3 |       ||     3
  Evoke: Wand              |       |       |       |     2 |     3 |     2 ||     7
    Use: Scroll            |     3 |     6 |     8 |     5 |     9 |     1 ||    32
   Stab: Paralysed         |       |       |       |     4 |       |       ||     4
 Armour: Robe              |     5 |    14 |    41 |    33 |       |       ||    93
         Leather armour    |       |       |       |    16 |   105 |    37 ||   158
  Dodge: Dodged            |     6 |    11 |    42 |    30 |    44 |     7 ||   140
  Block: Buckler           |       |       |       |       |       |     2 ||     2

Table legend: (Time is in decaauts)
 A = Elapsed time spent in this place.
 B = Non-inter-level travel time spent in this place.
 C = Inter-level travel time spent in this place.
 D = Time resting spent in this place.
 E = Time spent auto-exploring this place.
 F = Levels seen in this place.
 G = Mean time per level.
                   A        B        C        D        E       F      G
               +--------+--------+--------+--------+--------+-----+--------+
         Total |  25935 |  24673 |   1262 |   4782 |  16368 |  24 | 1080.6 |
       Dungeon |  17532 |  16577 |    955 |   2823 |  11502 |  15 | 1168.8 |
        Temple |      1 |      1 |      0 |      0 |      0 |   1 |    1.0 |
          Lair |   6582 |   6379 |    203 |   1546 |   3922 |   5 | 1316.4 |
   Spider Nest |     92 |     92 |      0 |     25 |     23 |   1 |   92.0 |
  Orcish Mines |   1726 |   1624 |    102 |    388 |    921 |   2 |  863.0 |
               +--------+--------+--------+--------+--------+-----+--------+

Top non-repeatable levels by time:
  Lair:5: 1955 daAuts
    D:13: 1825 daAuts
     D:1: 1614 daAuts
     D:3: 1613 daAuts
  Lair:3: 1449 daAuts
   Orc:2: 1444 daAuts
  Lair:4: 1415 daAuts
     D:7: 1359 daAuts
     D:9: 1323 daAuts
     D:5: 1182 daAuts
  Lair:1: 1167 daAuts
    D:10: 1152 daAuts
    D:14: 1146 daAuts
     D:8: 1140 daAuts
     D:4: 1055 daAuts
